 Dungeon Crawl Stone Soup version 0.21.1-1-g345015f (webtiles) character file.

102 wilfster70 the Changer (level 4, -25/32 HPs)
             Began as a Merfolk Transmuter on Feb 27, 2018.
             Annihilated by an ogre
             ... wielding a cursed +0 giant spiked club
              (31 damage)
             ... on level 3 of the Dungeon.
             The game lasted 00:14:15 (4532 turns).

wilfster70 the Changer (Merfolk Transmuter)         Turns: 4532, Time: 00:14:16

Health: -25/32     AC:  3    Str: 10    XL:     4   Next: 78%
Magic:  8/8        EV: 13    Int: 13    God:
Gold:   135        SH:  0    Dex: 14    Spells: 3/9 levels left

rFire    . . .     SeeInvis .     - Unarmed
rCold    . . .     Gourm    .   (no shield)
rNeg     . . .     Faith    .   w - +0 robe
rPois    .         Spirit   .   (no helmet)
rElec    .         Reflect  .   (no cloak)
rCorr    .         Harm     .   (no gloves)
MR       .....                  s - +0 pair of boots
Stlth    +.........             t - amulet of magic regeneration
HPRegen  0.10/turn              (no ring)
MPRegen  0.36/turn              (no ring)

@: appendage
A: change form in water, swift swim, stealthy swim, horns 2
a: End Transformation


You were on level 3 of the Dungeon.
You were not hungry.
You had grown temporary horns.
You visited 1 branch of the dungeon, and saw 4 of its levels.

You collected 135 gold pieces.

Inventory:

Hand Weapons
 b - a +0 blowgun
Missiles
 a - 60 arrows
 g - 57 stones (quivered)
 x - 15 poisoned needles
Armour
 s - a +0 pair of boots (worn)
 w - a +0 robe (worn)
Jewellery
 p - an uncursed amulet of guardian spirit
 t - an amulet of magic regeneration (around neck)
Scrolls
 h - a scroll of immolation {unknown}
 j - a scroll of fear {unknown}
 k - a scroll of fog {unknown}
 m - a scroll of magic mapping {unknown}
 n - a scroll of blinking {unknown}
 q - a scroll of teleportation
 r - 2 scrolls of remove curse
Potions
 e - 3 potions of curing {unknown}
 f - a potion of magic {unknown}
 l - 2 potions of heal wounds {unknown}
 o - a potion of lignification {unknown}
 v - 2 potions of haste {unknown}
 z - a potion of mutation {unknown}
Books
 c - a book of Changes

   Spells                             Type                      Level
   a - Beastly Appendage              Transmutation                1
   b - Sticks to Snakes               Transmutation                2
   c - Spider Form                    Transmutation/Poison         3
   d - Ice Form                       Ice/Transmutation            4
   e - Blade Hands                    Transmutation                5
Comestibles
 d - 5 rations
 i - a chunk of flesh


   Skills:
 - Level 1.1 Fighting
 - Level 2.6 Dodging
 - Level 4.0 Unarmed Combat
 - Level 3.0 Spellcasting
 + Level 4.1 Transmutations
 * Level 1.5 Poison Magic


You had 3 spell levels left.
You knew the following spells:

 Your Spells              Type           Power        Failure   Level  Hunger
a - Beastly Appendage     Tmut           ##....       4%          1    #......
b - Spider Form           Tmut/Pois      #.........   22%         3    ###....
g - Sticks to Snakes      Tmut           ##......     6%          2    ###....


Dungeon Overview and Level Annotations

Branches:
Dungeon (4/15)
 Temple: D:4-7

Altars:
Dithmenos
Sif Muna
Xom

Annotations:
D:4 shakethe's ghost, amateur DsGl


Innate Abilities, Weirdness & Mutations

You revert to your normal form in water.
You are very nimble and swift while swimming.
You are very stealthy in the water. (Stealth+)
You have a pair of horns on your head.


Message History

The orc hits you with a dagger.
Found 25 bolts and 3 gold pieces.
An adder comes into view.
There is a stone staircase leading up, spattered with blood here.
The orc misses you. x2; The ogre closely misses you.
The orc wizard casts a spell.
The orc wizard seems to speed up.
The orc hits you with a dagger.
You climb upwards.
There is a stone staircase leading down here.
Casting: Beastly Appendage
Confirm with . or Enter, or press ? or * to list all spells.
You grow a pair of large bovine horns.
The orc hits you with a club. The orc closely misses you.
The orc closely misses you. The ogre barely misses you.
The orc barely misses you.
You closely miss the orc. The orc hits you with a club.
* * * LOW HITPOINT WARNING * * *
The ogre hits you with a giant spiked club!!
Ouch! That really hurt!
You die...

#.# ##...## #.#
####.####.....#### #.#
................<# #.#
####.####.....##.# #.#
#.# ##...###.# #.# #.#
##.## #.# #.#
##.######.# #.# #.#
#........<####o####.#
###..######...oO@o....#
..)#..# #..##########
###.#.# #..# # ###.#
#).# #.# #..# #.# #..#
#.# ##.# #.# #.# #.#
#.#


You could see an ogre and 3 orcs.

Vanquished Creatures
  5 adders
  An ooze (D:3)
  2 dart slugs (D:1)
  2 leopard geckos
  An orc (D:3)
  2 giant cockroaches
  2 goblins
  5 hobgoblins
  4 jackals (D:1)
  A quokka (D:2)
  6 bats
  2 frilled lizards (D:1)
  5 kobolds
  5 rats
43 creatures vanquished.

Vanquished Creatures (collateral kills)
  An adder (D:2)
  A goblin (D:3)
2 creatures vanquished.

Grand Total: 45 creatures vanquished

Notes
Turn   | Place    | Note
-------+----------+-------------------------------------------
     0 | D:1      | wilfster70 the Merfolk Transmuter began the quest for the Orb.
     0 | D:1      | Reached XP level 1. HP: 15/15 MP: 3/3
   344 | D:1      | Reached XP level 2. HP: 14/21 MP: 5/5
   355 | D:1      | Learned a level 2 spell: Sticks to Snakes
  1100 | D:1      | Reached XP level 3. HP: 25/26 MP: 5/7
  1105 | D:1      | Learned a level 3 spell: Spider Form
  1918 | D:2      | Found a shadowy altar of Dithmenos.
  2264 | D:2      | Found a deep blue altar of Sif Muna.
  2854 | D:3      | Found a shimmering altar of Xom.
  2870 | D:3      | Reached XP level 4. HP: 22/32 MP: 2/8
  3206 | D:3      | Reached skill level 1 in Poison Magic
  3623 | D:3      | Found a faded altar of an unknown god.
  4373 | D:4      | Noticed shakethe's ghost (amateur DsGl)
  4527 | D:4      | Noticed an ogre
  4527 | D:4      | Noticed an orc warrior
  4532 | D:3      | Annihilated by an ogre

Skill      XL: |  1  2  3  4 |
---------------+-------------+-----
Transmutations | 3 4 |  4.1
Spellcasting   | 3 |  3.0
Poison Magic   | 1 |  1.5
Unarmed Combat | 4 |  4.0
Fighting       | |  1.1
Dodging        | |  2.6

Action                   |  1- 3 |  4- 6 || total
-------------------------+-------+-------++-------
Melee: Unarmed           |   112 |    58 ||   170
       Headbutt          |    14 |     6 ||    20
       Punch             |     2 |     2 ||     4
 Fire: Blowgun           |       |     4 ||     4
Throw: Stone             |    10 |     2 ||    12
 Cast: Beastly Appendage |    24 |     5 ||    29
       Sticks to Snakes  |     7 |     1 ||     8
  Use: Scroll            |       |     4 ||     4
  Eat: Chunk             |     6 |     3 ||     9
       Ration            |       |     1 ||     1
Armor: Robe              |    27 |    10 ||    37
Dodge: Dodged            |   112 |    53 ||   165
